 Dungeon Crawl Stone Soup version 0.30-a0-757-ga6a79fd877 (webtiles) character file.

Game seed: 9370498538929912103

28828 dolemite99 the Scholar (level 13, 0/96 HPs)
             Began as a Demonspawn Fire Elementalist on Feb 10, 2023.
             Was an Elder of Sif Muna.
             Slain by an eight-headed hydra (12 damage)
             ... on level 5 of the Lair of Beasts.
             The game lasted 00:43:10 (26227 turns).

dolemite99 the Scholar (DsFE)                      Turns: 26227, Time: 00:43:10

Health: 0/96       AC:  3    Str: 12    XL:     13   Next: 11%
Magic:  19/23      EV: 15    Int: 22    God:    Sif Muna [****..]
Gold:   112        SH: 11    Dex: 17    Spells: 4/26 levels left

rFire   + . .      SeeInvis .    v - +7 dagger (venom)
rCold   + . .      Faith    .    d - +0 kite shield
rNeg    + . .      Spirit   .    D - +0 robe
rPois   +          Reflect  .    P - -2 hat of the Alchemist {rElec rPois rF+ rC+ rN+ Will+ rMut rCorr}
rElec   +          Harm     .    L - +1 cloak of Nomevar {Will+}
rCorr   +          Rampage  .    C - +0 pair of gloves
rMut    +                        (no boots)
Will    +++..                    s - amulet of regeneration
Stlth   ++                       F - ring of Qazlal's Delight {rElec Will+ Str+4 Dex+3 Stlth-}
HPRegen 1.16/turn                g - +4 ring of slaying
MPRegen 0.18/turn

@: studying Throwing, repel missiles
A: repulsion field 3, demonic guardian 1, spiny 2, weakness stinger 1
a: Renounce Religion, Channel Magic, Forget Spell, Divine Exegesis


You were on level 5 of the Lair of Beasts.
You worshipped Sif Muna.
Sif Muna was greatly pleased with you.
You visited 3 branches of the dungeon, and saw 16 of its levels.

You collected 835 gold pieces.
You spent 723 gold pieces at shops.

Inventory:

Hand Weapons
 v - a +7 dagger of venom (weapon)
 z - a +0 vampiric whip
 E - a +1 whip of venom
 H - the +3 dagger "Ykoebloll" {flame, *Corrode Str+3 Int+4 Dex+3}
   (You took it off a goblin on level 4 of the Dungeon)

   Str:       It affects your strength (+3).
   Int:       It affects your intelligence (+4).
   Dex:       It affects your dexterity (+3).
   *Corrode:  It may corrode you when you take damage.
 J - a +0 heavy spear
Missiles
 i - a throwing net
 t - 17 poisoned darts
 G - 5 boomerangs (quivered)
Armour
 d - a +0 kite shield (worn)
 C - a +0 pair of gloves (worn)
 D - a +0 robe (worn)
 L - the +1 cloak of Nomevar (worn) {Will+}
   (You found it on level 8 of the Dungeon)

   Will:      It increases your willpower.
 P - the -2 hat of the Alchemist (worn) {rElec rPois rF+ rC+ rN+ Will+ rMut rCorr}
   (You bought it in a shop on level 7 of the Dungeon)

   rF:        It protects you from fire.
   rC:        It protects you from cold.
   rElec:     It insulates you from electricity.
   rPois:     It protects you from poison.
   rN:        It protects you from negative energy.
   rCorr:     It protects you from acid and corrosion.
   rMut:      It protects you from mutation.
   Will:      It increases your willpower.
Magical Staves
 a - a staff of conjuration
Jewellery
 b - a ring of protection from fire
 g - a +4 ring of slaying (right hand)
 s - an amulet of regeneration (around neck)
 F - the ring of Qazlal's Delight (left hand) {rElec Will+ Str+4 Dex+3 Stlth-}
   (You found it on level 4 of the Dungeon)

   [ring of willpower]

   Str:       It affects your strength (+4).
   Dex:       It affects your dexterity (+3).
   rElec:     It insulates you from electricity.
   Will:      It increases your willpower.
   Stlth:     It makes you less stealthy.
Wands
 q - a wand of polymorph (6)
 y - a wand of mindburst (5)
 A - a wand of flame (1)
 N - a wand of charming (7)
Scrolls
 c - 9 scrolls of teleportation
 j - 2 scrolls of enchant armour
 m - 3 scrolls of amnesia
 o - a scroll of fog
 u - 2 scrolls of magic mapping
 M - a scroll of torment
Potions
 e - a potion of invisibility {unknown}
 f - 2 potions of attraction
 h - a potion of mutation
 k - a potion of haste
 l - 2 potions of ambrosia
 n - 4 potions of heal wounds
 p - 3 potions of flight
 r - 2 potions of magic
 w - a potion of degeneration
 I - 2 potions of cancellation
 O - a potion of brilliance
Miscellaneous
 x - a tin of tremorstones (2/2)


   Skills:
 + Level 7.0 Fighting
 - Level 5.0 Short Blades
 - Level 8.6 Throwing
 + Level 1.7 Dodging
 - Level 4.0 Stealth
 - Level 7.0 Shields
 - Level 7.2 Spellcasting
 - Level 7.7 Conjurations
 - Level 7.3 Summonings
 - Level 8.2 Fire Magic
 - Level 4.0 Air Magic
 - Level 3.7 Poison Magic
 - Level 10.1 Invocations
 + Level 0.0 Evocations


You had 4 spell levels left.
You knew the following spells:

 Your Spells              Type           Power      Damage    Failure   Level
a - Foxfire               Conj/Fire      100%       2x1d9     1%          1
b - Scorch                Fire           88%        2d9       1%          2
c - Mephitic Cloud        Conj/Pois/Air  30%        N/A       8%          3
d - Ozocubu's Armour      Ice            7%         N/A       54%         3
f - Inner Flame           Hex/Fire       26%        N/A       12%         3
g - Wereblood             Tmut           7%         N/A       32%         2
h - Flame Wave            Conj/Fire      42%        2d11      8%          4
i - Sublimation of Blood  Necr           7%         N/A       32%         2
j - Call Imp              Summ           40%        N/A       1%          2

Your spell library contained the following spells:

 Spells                   Type           Power      Damage    Failure   Level
 Magic Dart               Conj           100%       1d8       1%          1
 Searing Ray              Conj           82%        2d7       1%          2
 Sticky Flame             Conj/Fire      42%        2d6       8%          4
 Kindle Blastsparks       Fire/Tloc/Air  50%        2d14      12%         3
 Fulminant Prism          Conj/Hex       12%        3d8       41%         4
 Tukima's Dance           Hex            7%         N/A       54%         3
 Passage of Golubria      Tloc           7%         N/A       91%         4
 Fireball                 Conj/Fire      21%        3d10      22%         5
 Iskenderun's Battlesphe  Conj           41%        2d9       24%         5
 Conjure Ball Lightning   Conj/Air       16%        3x3d6     96%         6
 Metabolic Englaciation   Hex/Ice        3%         N/A       99%         5
 Yara's Violent Unravell  Hex/Tmut       3%         3d4       99%         5
 Simulacrum               Ice/Necr       3%         N/A       100%        6
 Malign Gateway           Summ/Tloc      12%        N/A       100%        7
 Orb of Destruction       Conj           20%        9d8       100%        7
 Summon Hydra             Summ           20%        N/A       100%        7
 Summon Horrible Things   Summ           20%        N/A       100%        8


Dungeon Overview and Level Annotations

Branches:
Dungeon (10/15)            Temple (1/1) D:4            Lair (5/5) D:10
  Swamp (0/4) Lair:3        Snake (0/4) Lair:2        Slime (0/5) Lair:4
    Orc (0/2) D:10

Altars:
Ashenzari
Cheibriados
Dithmenos
Fedhas
Gozag
Hepliaklqana
Kikubaaqudgha
Makhleb
Nemelex Xobeh
Okawaru
Qazlal
Ru
Sif Muna
Trog
Uskayaw
Vehumet
Wu Jian
Xom
Yredelemnul

Shops:
D:7 [

Annotations:
D:4 exclusion: downstairs
Lair:4 exclusion: oklob plant


Innate Abilities, Weirdness & Mutations

You are surrounded by a strong repulsion field. (EV +4, RMsl)
A weak demonic guardian rushes to your aid.
You are mostly covered in sharp spines.
You have a small tail.


Message History

A water moccasin comes into view.
Casting: Scorch (safe; 1% risk of failure)
Confirm with . or Enter, or press ? or * to list all spells.
Flames lash the eight-headed hydra.
The eight-headed hydra is burned terribly!
The eight-headed hydra is moderately wounded.
The water moccasin is struck by your spines.
The water moccasin bites you!
The eight-headed hydra bites you but does no damage.
The eight-headed hydra bites you! The eight-headed hydra bites you. x2
The eight-headed hydra bites you!
The eight-headed hydra barely misses you.
The eight-headed hydra bites you!
A demonic guardian appears!
The eight-headed hydra closely misses you.
The water moccasin barely misses you. The water moccasin barely misses you.
The eight-headed hydra is struck by your spines.
The eight-headed hydra misses you. The eight-headed hydra bites you!
* * * LOW HITPOINT WARNING * * *
The eight-headed hydra completely misses you.
The eight-headed hydra closely misses you.
You block the eight-headed hydra's attack.
The eight-headed hydra bites you!
* * * LOW HITPOINT WARNING * * *
The eight-headed hydra bites you.
* * * LOW HITPOINT WARNING * * *
The eight-headed hydra barely misses you.
You swap places.
Your ufetubus hits the eight-headed hydra. x2
You block the water moccasin's attack.
Your ufetubus barely misses the eight-headed hydra.
Your ufetubus hits the eight-headed hydra.
The eight-headed hydra is struck by your spines.
The eight-headed hydra misses you.
You block the eight-headed hydra's attack.
The eight-headed hydra closely misses you.
The eight-headed hydra bites you.
* * * LOW HITPOINT WARNING * * *
The eight-headed hydra bites you!
You die...

#..#^ .....##
#...P. ##....
##.....####
........#.####
#.#...S#....##.
#....5@.......
#.#..SD#...#.##
#...#.###.#
#.... ## #
##P.. #... .#..
..#..


You could see an eight-headed hydra (combustible, ally target), 2 water
moccasins and a friendly ufetubus (summoned).

Vanquished Creatures
  Gastronok (Lair:2)
  A boulder beetle (Lair:4)
  2 death yaks (Lair:1)
  A lindwurm (Lair:3)
  13 elephants
  A black mamba (Lair:1)
  A torpor snail (Lair:1)
  7 cane toads
  3 rime drakes
  3 komodo dragons
  3 trolls
  A tyrant leech (Lair:3)
  3 polar bears
  2 hornets
  5 blink frogs (Lair:4)
  A wraith (D:10)
  3 wyverns
  38 yaks
  An unseen horror simulacrum (D:9)
  A steam dragon (D:7)
  Grum (D:9)
  3 wargs (D:10)
  Menkaure (D:4)
  2 nagas (Lair:2)
  An acid dragon (D:10)
  3 swamp worms (Lair:3)
  9 water moccasins
  A sky beast (D:7)
  5 ice beasts
  2 ogres (D:5)
  2 orc warriors
  2 black bears
  8 centaurs
  8 wolves
  4 kobold brigands
  A phantom (D:4)
  Blork the orc (D:4)
  8 bullfrogs
  A gnoll sergeant (D:7)
  5 killer bees (D:9)
  An electric eel (D:9)
  A howler monkey (D:6)
  3 hounds
  2 jellies
  3 orc priests
  2 gnoll boudas
  2 iguanas
  7 orc wizards
  2 centaur simulacra (D:9)
  20 gnolls
  15 adders
  6 white imps
  5 ufetubi
  2 worms (D:4)
  40 orcs
  5 bats (D:3)
  5 endoplasms
  A giant cockroach (D:2)
  10 goblins
  9 hobgoblins
  4 jackals (D:1)
  5 quokkas
  6 ball pythons
  5 frilled lizards
  27 kobolds
  8 rats
  A bush (D:10)
  A butterfly (Lair:3)
357 creatures vanquished.

Vanquished Creatures (collateral kills)
  2 yaks
  An orc wizard (D:3)
  A gnoll (D:5)
  2 foxfires
6 creatures vanquished.

Vanquished Creatures (others)
  An orc wizard (D:8)
  348 foxfires
  17 fungi
  23 plants
389 creatures vanquished.

Grand Total: 752 creatures vanquished

Notes
Turn   | Place    | Note
-------+----------+-------------------------------------------
     0 | D:1      | dolemite99 the Demonspawn Fire Elementalist began the quest
                  | for the Orb.
     0 | D:1      | Reached XP level 1. HP: 13/13 MP: 3/3
   492 | D:1      | Gained mutation: You are surrounded by a mild repulsion
                  | field. (EV +2) [demonic ancestry]
   492 | D:1      | Reached XP level 2. HP: 19/19 MP: 0/5
  1555 | D:2      | Gained mutation: You are partially covered in sharp spines.
                  | [demonic ancestry]
  1555 | D:2      | Reached XP level 3. HP: 24/24 MP: 3/6
  1684 | D:2      | Learned a level 2 spell: Scorch
  2829 | D:3      | Reached XP level 4. HP: 22/30 MP: 2/7
  4092 | D:3      | Gained mutation: A weak demonic guardian rushes to your
                  | aid. [demonic ancestry]
  4092 | D:3      | Reached XP level 5. HP: 35/35 MP: 6/8
  4564 | D:4      | Noticed a phantom
  4621 | D:5      | Entered Level 5 of the Dungeon
  4625 | D:5      | Noticed an ogre
  4632 | D:4      | Reached skill level 1 in Throwing
  4906 | D:4      | Noticed Menkaure
  4921 | D:4      | Killed Menkaure
  4922 | D:4      | Reached XP level 6. HP: 26/41 MP: 0/9
  5018 | D:4      | Identified the +3 dagger "Ykoebloll" {flame, *Corrode Str+3
                  | Int+4 Dex+3}
  5064 | D:4      | Noticed Blork the orc
  5072 | D:4      | Killed Blork the orc
  5073 | D:4      | Reached skill level 5 in Throwing
  5710 | D:4      | Gained mutation: You are surrounded by a moderate repulsion
                  | field. (EV +3) [demonic ancestry]
  5710 | D:4      | Reached XP level 7. HP: 46/46 MP: 8/10
  5838 | D:4      | Found a staircase to the Ecumenical Temple.
  6127 | D:4      | Identified the ring of Qazlal's Delight {rElec Will+ Str+4
                  | Dex+3 Stlth-}
  7641 | D:5      | Gained mutation: You are surrounded by a strong repulsion
                  | field. (EV +4, RMsl) [demonic ancestry]
  7641 | D:5      | Reached XP level 8. HP: 52/52 MP: 10/18
  7646 | D:5      | Learned a level 3 spell: Kindle Blastsparks
  7950 | D:5      | Learned a level 2 spell: Sublimation of Blood
  7955 | D:5      | Learned a level 4 spell: Flame Wave
  7959 | D:5      | Learned a level 3 spell: Inner Flame
  8011 | D:5      | Reached skill level 1 in Fighting
  8886 | Temple   | Entered the Ecumenical Temple
  8956 | Temple   | Became a worshipper of Sif Muna the Loreminder
  9059 | D:6      | Gained mutation: You are mostly covered in sharp spines.
                  | [demonic ancestry]
  9059 | D:6      | Reached XP level 9. HP: 62/62 MP: 13/19
  9085 | D:6      | Reached skill level 1 in Shields
 10207 | D:7      | Found Napoat's Armour Boutique.
 10346 | D:7      | Bought a +0 cloak for 63 gold pieces
 10817 | D:7      | Found a bloodstained altar of Trog.
 10823 | D:7      | Identified the +4 quarterstaff of Vaddater {flame, rC+}
 11646 | D:8      | HP: 1/94 [orc priest/divine providence (14)]
 11654 | D:8      | Reached * piety under Sif Muna
 12273 | D:8      | Reached skill level 1 in Short Blades
 12341 | D:8      | Found an opulent altar of Gozag.
 12355 | D:8      | Learned a level 2 spell: Wereblood
 12416 | D:8      | Found a broken altar of Ashenzari.
 12664 | D:8      | Identified the +1 cloak of Nomevar {Will+}
 12913 | D:8      | Found an iron altar of Okawaru.
 12996 | D:8      | Found a sacrificial altar of Ru.
 13264 | D:9      | Learned a level 3 spell: Mephitic Cloud
 13683 | D:9      | Noticed a troll
 13695 | D:9      | Killed a troll
 13696 | D:9      | Reached XP level 10. HP: 55/71 MP: 12/20
 13832 | D:9      | Reached skill level 5 in Fighting
 13833 | D:9      | Reached ** piety under Sif Muna
 14455 | D:9      | Noticed Grum
 14464 | D:9      | Killed Grum
 14476 | D:8      | Reached skill level 1 in Air Magic
 15479 | D:9      | Found a hazy altar of Hepliaklqana.
 15714 | D:9      | Reached XP level 11. HP: 76/81 MP: 15/21
 16156 | D:10     | Entered Level 10 of the Dungeon
 16357 | D:10     | Found an ornate altar of the Wu Jian Council.
 16422 | D:10     | Found a staircase to the Lair.
 16637 | D:10     | Reached *** piety under Sif Muna
 16700 | D:10     | Reached skill level 5 in Shields
 17202 | D:10     | Found a staircase to the Orcish Mines.
 17323 | Lair:1   | Entered Level 1 of the Lair of Beasts
 17327 | Lair:1   | Learned a level 2 spell: Call Imp
 17346 | Lair:1   | Reached skill level 1 in Summonings
 17643 | Lair:1   | Reached skill level 5 in Summonings
 19085 | Lair:1   | Reached skill level 1 in Invocations
 19149 | Lair:1   | Noticed a death yak
 19157 | Lair:1   | Noticed a death yak
 19214 | Lair:1   | Reached skill level 2 in Invocations
 19358 | Lair:2   | Reached skill level 3 in Invocations
 19374 | Lair:1   | Reached skill level 4 in Invocations
 19659 | Lair:1   | Killed a death yak
 19660 | Lair:1   | Gained mutation: You have a small tail. [demonic ancestry]
 19660 | Lair:1   | Reached XP level 12. HP: 87/87 MP: 5/22
 19668 | Lair:1   | Killed a death yak
 19801 | Lair:1   | Found a bloodstained altar of Trog.
 20424 | Lair:2   | Reached skill level 5 in Short Blades
 20456 | Lair:2   | Noticed Gastronok
 20959 | Lair:2   | Killed Gastronok
 21286 | Lair:2   | Found a staircase to the Snake Pit.
 22347 | Lair:3   | Found a staircase to the Swamp.
 22386 | Lair:3   | Reached **** piety under Sif Muna
 22978 | Lair:3   | Reached skill level 5 in Invocations
 23590 | D:7      | Bought the -2 hat of the Alchemist {rElec rPois rF+ rC+ rN+
                  | Will+ rMut rCorr} for 660 gold pieces
 23590 | D:7      | Found the -2 hat of the Alchemist {rElec rPois rF+ rC+ rN+
                  | Will+ rMut rCorr}
 23740 | Lair:4   | Learned a level 3 spell: Ozocubu's Armour
 23747 | Lair:4   | Found a gate leading to a gauntlet.
 23767 | Lair:4   | Reached skill level 6 in Invocations
 23837 | Lair:4   | Reached skill level 7 in Invocations
 24332 | Lair:4   | Reached skill level 8 in Invocations
 24335 | Lair:4   | Noticed a boulder beetle
 24342 | Lair:4   | Killed a boulder beetle
 24361 | Lair:4   | Reached XP level 13. HP: 51/96 MP: 18/23
 24642 | Lair:4   | Reached skill level 9 in Invocations
 25372 | Lair:3   | Reached skill level 10 in Invocations
 26178 | Lair:4   | Found a staircase to the Slime Pits.
 26221 | Lair:5   | Entered Level 5 of the Lair of Beasts
 26227 | Lair:5   | Slain by an eight-headed hydra

Illustrated notes

Levels and vault maps discovered:
D:1:      tarquinn_simple_flora_water_f, layout_rooms, hangedman_decor_points,
          minmay_pentomino_p4
D:2:      minmay_evil_eye, layout_basic, minmay_cut_off
D:3:      minmay_octagon_keep, layout_basic, minmay_misc_feat_ornament
D:4:      layout_rooms, minmay_temple_entry_sparse_star, uniq_menkaure,
          uniq_blork_the_orc
D:5:      layout_rooms, lemuel_doored_altar, lexackson_kobold_supper
D:6:      layout_basic, elyvilon_altar_1
D:7:      layout_loops_ring, lemuel_round_altar, serial_shops,
          nicolae_stop_n_shop_1
D:8:      layout_loops_ring, okawaru_altar_gauntlet_db,
          mainiacjoe_overflow_six_doors_small,
          mainiacjoe_overflow_surrounded_room, nicolae_ru_path_of_blood
D:9:      layout_basic, mainiacjoe_overflow_chevrons, serial_ice, serial_ice_n,
          serial_ice_a, serial_ice_j, serial_ice_d, serial_ice_e, serial_ice_f,
          serial_ice_m, serial_ice_b, serial_ice_c, serial_ice_h, uniq_grum
D:10:     layout_irregular_city, mainiacjoe_overflow_boulevard,
          erik_lair_orcish_takeover, hiddenorc1_lemuel, serial_column_ruins,
          column_ruins_columns_corner, column_ruins_corridor_corner,
          column_ruins_columns_corner, column_ruins_corridor_straight,
          column_ruins_open_small, column_ruins_open_tiny,
          column_ruins_open_small, kb_lookout_dungeons_type,
          nicolae_transmutations_shop, chequers_serial_rivers_small_a,
          nicolae_nh_oracle_at_delphi, uniq_nergalle, uniq_maggie
Temple:   nicolae_temple_ecumenical_triangle
Lair:1:   layout_chaotic_city, lemuel_centaur_altar
Lair:2:   layout_roguey, guppyfry_snake_entry_garden, portal_ice_cave_rime,
          grunt_megastairs_5, lemuel_fruit_fields, uniq_gastronok
Lair:3:   layout_concentric_octagons, minmay_swamp_entry_worms,
          lemuel_fruit_tree, serial_bayou_shore_b, lemuel_fruit_fields
Lair:4:   layout_hall_layers, minmay_slime_entry_oklob_open,
          gauntlet_entry_generic, nicolae_lair_lindhole
Lair:5:   minmay_lair_end_frog_pond, layout_loops_ring, special_room
          [special_room_mythical_zoo], uniq_rupert

Skill      XL: |  1  2  3  4  5  6  7  8  9 10 11 12 13 |
---------------+----------------------------------------+-----
Conjurations   | 2 3 7 |  7.7
Fire Magic     | 3 4 8 |  8.2
Throwing       | 4 6 8 |  8.6
Spellcasting   | 6 7 |  7.2
Fighting       | 2 3 5 7 |  7.0
Shields        | 4 5 7 |  7.0
Short Blades   | 3 4 5 |  5.0
Air Magic      | 4 |  4.0
Poison Magic   | 3 |  3.7
Summonings     | 7 |  7.3
Invocations    | 4 8 10 | 10.1
Stealth        | 2 4 |  4.0
Dodging        | |  1.7

Action                     |  1- 3 |  4- 6 |  7- 9 | 10-12 | 13-15 || total
---------------------------+-------+-------+-------+-------+-------++-------
  Melee: Quarterstaff      |     1 |       |       |       |       ||     1
         Dagger            |     8 |    11 |    29 |   162 |     6 ||   216
         Punch             |     1 |       |       |       |       ||     1
         Staff             |       |       |     2 |       |       ||     2
         Tailslap          |       |       |       |    11 |     1 ||    12
  Throw: Dart              |       |       |     5 |   100 |       ||   105
         Boomerang         |       |       |       |    16 |     9 ||    25
         Throwing net      |       |       |       |     1 |       ||     1
   Cast: Foxfire           |    32 |    25 |    59 |    80 |       ||   196
         Scorch            |     9 |    35 |   131 |   186 |    17 ||   378
         Mephitic Cloud    |       |       |       |    60 |    10 ||    70
         Sublimation of Bl |       |       |       |     1 |       ||     1
         Flame Wave        |       |       |       |     5 |     1 ||     6
         Wereblood         |       |       |       |     1 |       ||     1
         Kindle Blastspark |       |       |       |     1 |       ||     1
 Invoke: Channel Magic     |       |       |       |     2 |       ||     2
         Forget Spell      |       |       |       |     1 |       ||     1
  Evoke: Wand              |       |       |       |    29 |       ||    29
    Use: Potion            |       |       |    10 |     6 |     2 ||    18
         Scroll            |       |       |    16 |    17 |     2 ||    35
   Stab: Confused          |       |       |       |    19 |     1 ||    20
         Distracted        |       |       |       |     1 |       ||     1
 Armour: Robe              |     3 |    17 |    15 |    72 |     3 ||   110
         Skin              |       |       |    38 |     3 |       ||    41
  Dodge: Dodged            |    30 |    35 |   126 |   236 |    26 ||   453
         Repelled          |       |       |     2 |     8 |       ||    10
  Block: Kite shield       |       |       |    71 |   258 |    13 ||   342

Table legend: (Time is in decaauts)
 A = Elapsed time spent in this place.
 B = Non-inter-level travel time spent in this place.
 C = Inter-level travel time spent in this place.
 D = Time resting spent in this place.
 E = Time spent auto-exploring this place.
 F = Levels seen in this place.
 G = Mean time per level.
                   A        B        C        D        E       F      G
               +--------+--------+--------+--------+--------+-----+--------+
         Total |  26193 |  24833 |   1360 |  13145 |   7410 |  16 | 1637.1 |
       Dungeon |  17759 |  16830 |    929 |   8672 |   5284 |  10 | 1775.9 |
        Temple |     75 |     71 |      4 |      0 |     37 |   1 |   75.0 |
          Lair |   8358 |   7932 |    426 |   4473 |   2088 |   5 | 1671.6 |
               +--------+--------+--------+--------+--------+-----+--------+

Top non-repeatable levels by time:
  Lair:1: 3239 daAuts
  Lair:3: 2485 daAuts
     D:5: 2469 daAuts
     D:9: 2096 daAuts
     D:3: 2091 daAuts
     D:8: 2088 daAuts
     D:7: 1904 daAuts
     D:4: 1786 daAuts
    D:10: 1534 daAuts
  Lair:2: 1412 daAuts
     D:2: 1393 daAuts
  Lair:4: 1215 daAuts
     D:6: 1207 daAuts
     D:1: 1187 daAuts
  Temple: 75 daAuts
